 Dungeon Crawl Stone Soup version 0.31-a0-574-g69dc8cc98e (webtiles) character file.

Game seed: 3673477331732481482

41 Zonian the Stinger (level 3, -2/21 HPs)
             Began as an Octopode Venom Mage on Aug 19, 2023.
             Was a Follower of Kikubaaqudgha.
             Slain by a kobold
             ... wielding a +2 dagger of electrocution
              (18 damage)
             ... on level 2 of the Dungeon.
             The game lasted 00:03:28 (1469 turns).

Zonian the Stinger (Octopode Venom Mage)            Turns: 1469, Time: 00:03:28

Health: -2/21      AC:  1    Str:  7    XL:     3   Next: 52%
Magic:  6/6        EV: 13    Int: 19    God:    Kikubaaqudgha [*.....]
Gold:   62         SH:  0    Dex: 12    Spells: 3/6 levels left

rFire   . . .        e - +0 short sword
rCold   . . .        (no shield)
rNeg    . . .        (helmet restricted)
rPois   .            (no amulet)
rElec   .            (no ring)
rCorr   .            (no ring)
SInv    .            (no ring)
Will    .....        (no ring)
Stlth   +++          (no ring)
HPRegen 0.23/turn    (no ring)
MPRegen 0.10/turn    (no ring)
                     (no ring)

%: no passive effects
@: no status effects
A: almost no armour, amphibious, 8 rings, camouflage 1, gelatinous body 1,
(nimble swimmer 1), tentacles
a: Renounce Religion, Unearth Wretches


You were on level 2 of the Dungeon.
You worshipped Kikubaaqudgha.
Kikubaaqudgha was aware of your devotion.
You visited 1 branch of the dungeon, and saw 2 of its levels.

You collected 62 gold pieces.

Inventory:

Hand Weapons
 e - a +0 short sword (weapon)
Scrolls
 b - a scroll of blinking {unknown}
 c - a scroll of silence {unknown}
 f - a scroll of noise {unknown}
 g - 2 scrolls of identify {unknown}
Potions
 a - a potion of magic
 d - a potion of curing {unknown}
 h - a potion of heal wounds {unknown}


   Skills:
 + Level 2.4 Dodging
 + Level 3.4 Stealth
 + Level 2.3 Spellcasting
 + Level 1.6 Transmutations
 + Level 4.0 Poison Magic


You had 3 spell levels left.
You knew the following spells:

 Your Spells              Type           Power      Damage    Failure   Level
a - Sting                 Tmut/Pois      52%        1d5       4%          1
b - Poisonous Vapours     Pois/Air       18%        N/A       11%         2

Your spell library contained the following spells:

 Spells                   Type           Power      Damage    Failure   Level
 Necrotise                Necr           8%         1d4       16%         1
 Sublimation of Blood     Necr           2%         N/A       24%         2
 Mephitic Cloud           Conj/Pois/Air  7%         N/A       28%         3
 Vampiric Draining        Necr           2%         2d6       43%         3
 Olgreb's Toxic Radiance  Pois           17%        N/A       30%         4
 Animate Dead             Necr           2%         N/A       85%         4


Dungeon Overview and Level Annotations

Branches:
Dungeon (2/15)

Altars:
Kikubaaqudgha


Innate Abilities, Weirdness & Mutations

You cannot wear most types of armour.
You are amphibious.
You can wear up to eight rings at the same time.
Your skin changes colour to match your surroundings (Stealth+).
Your rubbery body absorbs attacks. (AC +1, EV +1)
((You are camouflaged when in or above water. (Stealth+)))
You have tentacles for arms and can constrict up to eight enemies at once.


Message History

Found 6 gold pieces.
The adder moves out of view.
An adder comes into view.
Found 2 gold pieces.
A frilled lizard comes into view.
Found a stone staircase leading down.
The frilled lizard hisses angrily.
You see here 6 gold pieces.
You now have 60 gold pieces (gained 6).
The helpless adder fails to defend itself.
You puncture the adder! You grab the adder.
The adder is almost dead.
You constrict the adder. The adder bites you. The adder closely misses you.
The frilled lizard bites you but does no damage.
Unknown command.
You hit the adder.
You kill the adder!
Kikubaaqudgha accepts your kill. The frilled lizard barely misses you.
Unknown command.
You miss the frilled lizard. You grab the frilled lizard.
You constrict the frilled lizard.
You kill the frilled lizard!
Kikubaaqudgha accepts your kill.
No target in view!
No target in view!
Unknown command.
You can't see any susceptible monsters within range! (Use Z to cast anyway.)
You can't see any susceptible monsters within range! (Use Z to cast anyway.) Unknown command.
You now have 62 gold pieces (gained 2).
Found a stone staircase leading up.
A kobold comes into view.
It is wielding a +2 dagger of electrocution.
Unknown command.
Found a whip.
The kobold shouts!
The kobold hits you with a +2 dagger of electrocution.
You are electrocuted!!
Ouch! That really hurt!
You die...
Kikubaaqudgha rasps: "You have failed me!
Welcome... death!"

#.##.#...#.#.#.#.#.##
....####...........#
.......##.#.#.#.#.##
####..#.#...........#
....<..##.#.#.#.#.##
#.##..............
#.....##.#.#.#>#.#
..#.#.....#............
..)....@#.##.#.#.#.#.#..
.......K#.#.............
........#.##.#.#.#.#.#.
#########...## ###. ###


You could see a kobold.

Vanquished Creatures
  An adder (D:2)
  2 bats (D:1)
  2 endoplasms (D:1)
  7 goblins (D:1)
  5 hobgoblins (D:1)
  2 quokkas (D:1)
  2 ball pythons (D:1)
  2 frilled lizards
  2 kobolds (D:1)
  3 rats (D:1)
28 creatures vanquished.

Notes
Turn   | Place    | Note
-------+----------+-------------------------------------------
     0 | D:1      | Zonian the Octopode Venom Mage began the quest for the Orb.
     0 | D:1      | Reached XP level 1. HP: 11/11 MP: 3/3
   234 | D:1      | Reached XP level 2. HP: 15/17 MP: 5/5
   619 | D:1      | Found a faded altar of an unknown god.
   630 | D:1      | Prayed at the altar of an unknown god.
   630 | D:1      | Became a worshipper of Kikubaaqudgha
   630 | D:1      | Reached * piety under Kikubaaqudgha
   630 | D:1      | Received a gift from Kikubaaqudgha
   643 | D:1      | Learned a level 2 spell: Poisonous Vapours
  1055 | D:1      | Reached XP level 3. HP: 19/21 MP: 6/6
  1107 | D:1      | Reached skill level 4 in Poison Magic
  1469 | D:2      | Slain by a kobold

Illustrated notes

Levels and vault maps discovered:
D:1:      erik_arrival_cave_to_civilisation [erik_arrival_cave_to_hall],
          layout_basic, hellmonk_ecumenical_altar_pennies_from_heaven,
          chequers_serial_rivers_small_3, minmay_misc_feat_doors, minmay_3d_cube
D:2:      layout_basic, st_stairs_11

Skill      XL: |  1  2  3 |
---------------+----------+-----
Stealth        | 3 |  3.4
Poison Magic   | 4 |  4.0
Dodging        | |  2.4
Spellcasting   | |  2.3
Transmutations | |  1.6

Action                     || total
---------------------------++-------
  Melee: Unarmed           ||    25
         Constrict         ||    17
         Tentacles         ||    14
         Short sword       ||    33
   Cast: Sting             ||    10
   Stab: Sleeping          ||     3
 Armour: Skin              ||    12
  Dodge: Dodged            ||    35

Table legend: (Time is in decaauts)
 A = Elapsed time spent in this place.
 B = Non-inter-level travel time spent in this place.
 C = Inter-level travel time spent in this place.
 D = Time resting spent in this place.
 E = Time spent auto-exploring this place.
 F = Levels seen in this place.
 G = Mean time per level.
                   A        B        C        D        E       F      G
               +--------+--------+--------+--------+--------+-----+--------+
         Total |   1468 |   1451 |     17 |    583 |    620 |   2 |  734.0 |
       Dungeon |   1468 |   1451 |     17 |    583 |    620 |   2 |  734.0 |
               +--------+--------+--------+--------+--------+-----+--------+

Top non-repeatable levels by time:
     D:1: 1420 daAuts
     D:2: 47 daAuts
